 Dungeon Crawl Stone Soup version 0.29.1-15-g9cfb28693d (webtiles) character file.

Game seed: 16165685311369784570

284 promet the Stinger (level 6, -6/51 HPs)
             Began as a Naga Venom Mage on Mar 21, 2023.
             Mangled by Duvessa
             ... wielding a +0 short sword
              (9 damage)
             ... on level 4 of the Dungeon.
             The game lasted 00:19:41 (7273 turns).

promet the Stinger (Naga Venom Mage)                Turns: 7273, Time: 00:19:41

Health: -6/51      AC:  6    Str: 11    XL:     6   Next: 29%
Magic:  1/10       EV: 10    Int: 17    God:
Gold:   171        SH:  0    Dex: 11    Spells: 8/11 levels left

rFire   . . .      SeeInvis +   a - +0 long sword
rCold   . . .      Faith    .   (no shield)
rNeg    . . .      Spirit   .   c - +1 robe
rPois   +          Reflect  .   n - +0 helmet
rElec   .          Harm     .   r - +0 cloak
rCorr   .          Rampage  .   (no gloves)
Will    .....                   (no barding)
Stlth   ++........              (no amulet)
HPRegen 0.17/turn               (no ring)
MPRegen 0.12/turn               (no ring)

@: very slow
A: AC +2, large, see invisible, deformed body, poison resistance, slowness 2,
spit poison 1, naga tail 1
a: Spit Poison


You were on level 4 of the Dungeon.
You visited 1 branch of the dungeon, and saw 4 of its levels.

You collected 171 gold pieces.

Inventory:

Hand Weapons
 a - a +0 long sword (weapon)
 b - a +0 sling
 f - a +0 club
 k - a +0 dagger
 p - a +0 rapier
Missiles
 d - 50 stones
 e - 11 poisoned darts
Armour
 c - a +1 robe (worn)
 m - a +0 leather armour
 n - a +0 helmet (worn)
 r - a +0 cloak (worn)
Jewellery
 u - a ring of flight
Scrolls
 h - 4 scrolls of teleportation
 l - a scroll of enchant weapon {unknown}
 t - 2 scrolls of identify
Potions
 g - a potion of magic
 i - 2 potions of might
 j - 2 potions of heal wounds
 o - 2 potions of haste
 q - a potion of lignification {unknown}
 s - a potion of attraction
 v - a potion of brilliance {unknown}


   Skills:
 + Level 1.2 Fighting
 + Level 0.6(1.4) Short Blades
 + Level 2.0(2.1) Long Blades
 + Level 0.2 Maces & Flails
 + Level 2.0 Dodging
 + Level 4.1 Stealth
 + Level 3.2 Spellcasting
 + Level 2.0 Transmutations
 + Level 0.7 Air Magic
 + Level 5.5 Poison Magic


You had 8 spell levels left.
You knew the following spells:

 Your Spells              Type           Power      Damage    Failure   Level
a - Sting                 Tmut/Pois      60%        1d6       3%          1
b - Poisonous Vapours     Pois/Air       26%        N/A       7%          2

Your spell library contained the following spells:

 Spells                   Type           Power      Damage    Failure   Level
 Olgreb's Toxic Radiance  Pois           21%        N/A       17%         4
 Mephitic Cloud           Conj/Pois/Air  9%         N/A       22%         3
 Blink                    Tloc           4%         N/A       26%         2
 Gell's Gravitas          Tloc           2%         N/A       45%         3
 Lesser Beckoning         Tloc           2%         N/A       45%         3
 Teleport Other           Tloc           2%         N/A       45%         3
 Ice Form                 Ice/Tmut       6%         N/A       73%         4
 Hailstorm                Conj/Ice       2%         3d3       86%         4
 Manifold Assault         Tloc           2%         N/A       99%         5
 Dispersal                Tloc           1%         N/A       100%        6
 Simulacrum               Ice/Necr       1%         N/A       100%        6
 Storm Form               Tmut/Air       3%         N/A       100%        7


Dungeon Overview and Level Annotations

Branches:
Dungeon (4/15)             Temple (0/1) D:4

Altars:
Okawaru

Annotations:
D:4 Duvessa


Innate Abilities, Weirdness & Mutations

Your serpentine skin is tough. (AC +2)
You have supernaturally acute eyesight. (SInv)
Armour fits poorly on your strangely shaped body.
Your system is resistant to poisons. (rPois)
You cover ground very slowly.
You can spit poison.
You have a snake-like lower body.


Message History

Aim: Duvessa, wielding a +0 short sword, wearing a +0 ring mail and quivering stones (lightly wounded, berserk, poisoned) Poisonous vapours surround Duvessa!
Duvessa looks even sicker.
Casting: Poisonous Vapours (safe; 7% risk of failure)
Confirm with . or Enter, or press ? or * to list all spells.
Aiming: Poisonous Vapours (safe; 7% risk of failure)
Press: ? - help, Dir - move target, f/p - Duvessa
Aim: Duvessa, wielding a +0 short sword, wearing a +0 ring mail and quivering stones (lightly wounded, berserk, very poisoned) Poisonous vapours surround Duvessa!
Duvessa looks even sicker.
Duvessa hits you with a +0 short sword. x2
Casting: Poisonous Vapours (safe; 7% risk of failure)
Confirm with . or Enter, or press ? or * to list all spells.
Aiming: Poisonous Vapours (safe; 7% risk of failure)
Press: ? - help, Dir - move target, f/p - Duvessa
Aim: Duvessa, wielding a +0 short sword, wearing a +0 ring mail and quivering stones (lightly wounded, berserk, very poisoned) Poisonous vapours surround Duvessa!
Duvessa looks as sick as possible!
Duvessa barely misses you.
Casting: Poisonous Vapours (safe; 7% risk of failure)
Confirm with . or Enter, or press ? or * to list all spells.
Aiming: Poisonous Vapours (safe; 7% risk of failure)
Press: ? - help, Dir - move target, f/p - Duvessa
Aim: Duvessa, wielding a +0 short sword, wearing a +0 ring mail and quivering stones (moderately wounded, berserk, extremely poisoned) Poisonous vapours surround Duvessa!
Duvessa looks as sick as possible!
Duvessa hits you with a +0 short sword. Duvessa hits you but does no damage.
Casting: Poisonous Vapours (safe; 7% risk of failure)
Confirm with . or Enter, or press ? or * to list all spells.
You don't have enough magic to cast this spell.
Unknown command.
You barely miss Duvessa.
Duvessa is moderately wounded.
Duvessa hits you with a +0 short sword! Duvessa hits you with a +0 short sword.
You hit Duvessa.
Duvessa is moderately wounded.
Duvessa hits you with a +0 short sword!
* * * LOW HITPOINT WARNING * * *
Duvessa hits you with a +0 short sword.
* * * LOW HITPOINT WARNING * * *
You hit Duvessa.
Duvessa is heavily wounded.
Duvessa barely misses you. Duvessa hits you with a +0 short sword!
You die...

..# #...⌠.⌠.....##.......#
#####..8.>.8....##.......#
........⌠.⌠..######.....##
#####..8.8.8.# ####....##
..........###.......# #
.##..##.###....##...## .
.............###...# ##
.##.###.#..#.###...## .
.........##.@e...... ###
.......## #.......... ..#
#......#....###.......
#.###...^..#.#### #.#.....
#.##.......#.# #.....
#......#...#.# #.... #
#..#.........# #...
...#[..#)<..## #...
>#.....##....# ..#


You could see Duvessa (berserk, very poisoned).

Vanquished Creatures
  Dowan (D:4)
  A howler monkey (D:3)
  A hound (D:4)
  Jessica (D:3)
  3 adders (D:3)
  4 gnolls (D:3)
  3 worms
  2 dart slugs
  An orc (D:3)
  8 endoplasms
  4 giant cockroaches (D:1)
  6 goblins
  4 hobgoblins
  3 jackals (D:2)
  5 kobolds
  3 quokkas
  4 ball pythons
  5 bats
  2 frilled lizards
  6 rats
67 creatures vanquished.

Vanquished Creatures (others)
  A fungus (D:2)
1 creature vanquished.

Grand Total: 68 creatures vanquished

Notes
Turn   | Place    | Note
-------+----------+-------------------------------------------
     0 | D:1      | promet the Naga Venom Mage began the quest for the Orb.
     0 | D:1      | Reached XP level 1. HP: 15/15 MP: 3/3
   599 | D:1      | Reached XP level 2. HP: 22/22 MP: 1/5
   743 | D:1      | Learned a level 2 spell: Poisonous Vapours
  1736 | D:1      | You fall into a shaft and drop 1 floor!
  2147 | D:2      | Reached XP level 3. HP: 25/28 MP: 2/6
  3735 | D:2      | Found a faded altar of an unknown god.
  3823 | D:3      | Noticed Jessica
  3830 | D:3      | Killed Jessica
  3831 | D:3      | Reached XP level 4. HP: 28/37 MP: 1/7
  4061 | D:3      | Reached skill level 5 in Poison Magic
  4199 | D:3      | Reached skill level 1 in Fighting
  4199 | D:3      | Reached XP level 5. HP: 13/44 MP: 0/9
  4617 | D:3      | Found an iron altar of Okawaru.
  5534 | D:3      | Reached skill level 1 in Long Blades
  6167 | D:4      | Noticed a phantom
  6172 | D:3      | Reached XP level 6. HP: 46/51 MP: 7/10
  6240 | D:4      | Noticed Duvessa
  6247 | D:4      | Noticed Dowan
  7052 | D:4      | Killed Dowan
  7221 | D:4      | Found a staircase to the Ecumenical Temple.
  7273 | D:4      | Mangled by Duvessa

Illustrated notes

Levels and vault maps discovered:
D:1:      matt_arrival_refuge, layout_basic
D:2:      layout_basic, serial_rivers, chequers_serial_rivers_large_b,
          chequers_serial_rivers_micro_a, chequers_serial_rivers_marsh,
          chequers_serial_rivers_room_a, chequers_serial_rivers_micro_d,
          chequers_serial_rivers_micro_b,
          shapermc_ecumenical_altar_mp_urbaneastern, minivault_24,
          minmay_cut_off
D:3:      layout_loops_ring, nicolae_overflow_crystal_walls,
          minmay_misc_feat_tower, uniq_jessica
D:4:      layout_rooms, minmay_temple_entry_statues_fountains, uniq_duvessa

Skill      XL: |  1  2  3  4  5  6 |
---------------+-------------------+-----
Poison Magic   | 5 |  5.5
Fighting       | 1 |  1.2
Spellcasting   | 3 |  3.2
Long Blades    | 1 2 |  2.0
Stealth        | 4 |  4.1
Transmutations | 2 |  2.0
Dodging        | 2 |  2.0
Short Blades   | |  0.6
Maces & Flails | |  0.2
Air Magic      | |  0.7

Action                   |  1- 3 |  4- 6 || total
-------------------------+-------+-------++-------
Melee: Unarmed           |     8 |       ||     8
       Club              |     4 |       ||     4
       Dagger            |     3 |       ||     3
       Rapier            |    33 |       ||    33
       Long sword        |     4 |    74 ||    78
 Cast: Sting             |    46 |    29 ||    75
       Poisonous Vapours |    11 |    27 ||    38
  Use: Scroll            |     6 |     3 ||     9
       Potion            |       |     1 ||     1
 Stab: Sleeping          |     4 |     3 ||     7
Armor: Robe              |    10 |    36 ||    46
Dodge: Dodged            |    36 |    84 ||   120
